 Dungeon Crawl Stone Soup version 0.23.2-11-gf996548 (webtiles) character file.

Game seed: 6787953462876750418

206476 Fang the Warrior (level 18, -4/124 HPs)
             Began as a Gargoyle Berserker on June 4, 2019.
             Was the Champion of Trog.
             Killed from afar by a merfolk aquamancer (39 damage)
             ... with a ball of steam
             ... on level 4 of the Shoals on June 5, 2019.
             The game lasted 00:41:56 (29340 turns).

Fang the Warrior (Gargoyle Berserker)              Turns: 29340, Time: 00:41:57

Health: -4/124     AC: 49    Str: 28    XL:     18   Next: 72%
Magic:  18/18      EV: 14    Int: 14    God:    Trog [******]
Gold:   2783       SH:  0    Dex:  9    Spells: 17/17 levels left

rFire    . . .     SeeInvis .   A - +12 executioner's axe "Kogiets" {speed, rPois rC+}
rCold    + . .     Gourm    .   (shield currently unavailable)
rNeg     + + .     Faith    .   b - +4 plate armour
rPois    ∞         Spirit   .   P - +0 hat of the Past {rF+ rN+ Stlth+} (curse)
rElec    +         Reflect  .   w - +2 cloak
rCorr    .         Harm     .   q - +2 pair of gloves
MR       +++..                  (no boots)
Stlth    ..........             v - amulet of regeneration
HPRegen  1.70/turn              B - +6 ring of protection
MPRegen  0.16/turn              p - ring of Joufum {rF- Int+5 Slay+5 Stlth-}

@: about to teleport, flying, mesmerised, regenerating
A: big wings, negative energy resistance 1, electricity resistance, unbreathing,
petrification resistance, rot immunity, AC +13
}: 1/15 runes: gossamer
a: Stop Flying, Berserk, Trog's Hand, Brothers in Arms, Renounce Religion


You were on level 4 of the Shoals.
You worshipped Trog.
Trog was exalted by your worship.
You were very hungry.

You visited 6 branches of the dungeon, and saw 32 of its levels.

You collected 3035 gold pieces.
You spent 252 gold pieces at shops.

Inventory:

Hand Weapons
 a - a +4 war axe of freezing
 r - a +4 battleaxe of freezing
 t - a +2 war axe of venom
 A - the +12 executioner's axe "Kogiets" (weapon) {speed, rPois rC+}
   (Trog gifted it to you on level 4 of the Lair of Beasts)

   Attacks with this weapon are significantly faster.
   It protects you from cold.
   It protects you from poison.
 O - a +3 antimagic executioner's axe
Armour
 b - a +4 plate armour (worn)
 q - a +2 pair of gloves (worn)
 w - a +2 cloak (worn)
 L - the +2 scale mail of Omission {rElec rPois Str+5 Int-5}
   (You found it on level 13 of the Dungeon)

   It affects your strength (+5).
   It affects your intelligence (-5).
   It insulates you from electricity.
   It protects you from poison.
 P - the cursed +0 hat of the Past (worn) {rF+ rN+ Stlth+}
   (You bought it in a shop on level 2 of the Orcish Mines)

   It protects you from fire.
   It protects you from negative energy.
   It makes you more stealthy.
   It has a curse placed upon it.
Jewellery
 p - the ring of Joufum (right hand) {rF- Int+5 Slay+5 Stlth-}
   (You found it on level 2 of the Shoals)

   [ring of attention]

   It affects your intelligence (+5).
   It affects your accuracy and damage with ranged weapons and melee attacks
   (+5).
   It makes you vulnerable to fire.
   It makes you less stealthy.
 v - an amulet of regeneration (around neck)
 B - a +6 ring of protection (left hand)
 C - the ring of the Firefly {Fire rPois}
   (You found it on level 4 of the Lair of Beasts)

   [ring of fire]

   It enhances your fire magic.
   It protects you from fire.
   It makes you vulnerable to cold.
   It protects you from poison.
 F - an uncursed ring of resist corrosion
 G - an uncursed amulet of rage
 M - a +3 ring of dexterity
 V - an uncursed ring of protection from cold
Wands
 i - a wand of paralysis (30)
 j - a wand of iceblast (17)
 s - a wand of digging (30)
 y - a wand of enslavement (13)
 K - a wand of polymorph (10)
 N - a wand of flame (20)
Scrolls
 d - 6 scrolls of identify
 f - a scroll of magic mapping
 g - 6 scrolls of fear
 k - 13 scrolls of remove curse
 l - 3 scrolls of teleportation
 u - 3 scrolls of blinking
 z - 3 scrolls of fog
 I - 3 scrolls of summoning
 R - a scroll of holy word
 S - a scroll of acquirement
Potions
 h - 2 potions of heal wounds
 m - 8 potions of curing
 n - 7 potions of haste
 o - 4 potions of mutation
 x - 2 potions of berserk rage
 D - a potion of cancellation
 E - 4 potions of agility
 J - 2 potions of might
 Q - a potion of invisibility
 T - a potion of ambrosia
Miscellaneous
 e - a phial of floods
 H - 3 phantom mirrors
 U - a sack of spiders
Comestibles
 c - 40 rations


   Skills:
 + Level 17.7 Fighting
 + Level 15.2 Axes
 + Level 17.6 Armour
 + Level 14.0 Dodging


You had 17 spell levels left.
You didn't know any spells.
Your spell library was empty.

Dungeon Overview and Level Annotations

Branches:
Dungeon (15/15)            Temple (1/1) D:5            Lair (6/6) D:10
 Shoals (4/4) Lair:4       Spider (4/4) Lair:2        Slime (0/5) Lair:6
    Orc (2/2) D:10            Elf (0/3) Orc:2        Vaults (0/5) D:14
 Depths (0/5) D:15

Altars:
Ashenzari
Dithmenos
Elyvilon
Gozag
Hepliaklqana
Nemelex Xobeh
Okawaru
Qazlal
Ru
Wu Jian
Xom
Yredelemnul
Zin
The Shining One
Beogh
Jiyva

Shops:
D:5 !   Orc:2 (*[*   Shoals:2 ?

Annotations:
Lair:6 1 runed translucent door, exclusion: oklob plant
Shoals:1 1 runed translucent door, Prakerore's ghost, adept TeAs


Innate Abilities, Weirdness & Mutations

You are resistant to torment.
Your stone body is resilient. (AC +13)
You are immune to poison.
Your large and strong wings let you fly indefinitely.
You resist negative energy. (rN+)
You are resistant to electric shocks. (rElec)
You can survive without breathing.
You are immune to petrification.
You are immune to rotting.


Message History

The javelin hits you but does no damage.
You hear a splash.
The merfolk aquamancer casts a spell.
The merfolk aquamancer blinks!
As you read the scroll of teleportation, it crumbles to dust.
You feel strangely unstable.
Your deep troll bites the merfolk aquamancer!!
Your deep troll closely misses the merfolk aquamancer.
Your deep troll claws the merfolk aquamancer!
The merfolk aquamancer hits your deep troll with a +1 rapier of freezing!
The merfolk aquamancer freezes your deep troll.
Your deep troll dies!
Your deep troll's corpse disappears in a puff of smoke!
The merfolk aquamancer mumbles some strange words.
The merfolk aquamancer blinks!
The merfolk avatar chants its luring song.
The merfolk aquamancer is engulfed in a cloud of scalding steam.
The merfolk aquamancer gestures at you while chanting.
The ball of steam hits you!!!
You die...

≈≈≈≈≈≈≈≈#####≈....###.....
≈≈≈≈≈≈≈##...##≈≈...##.....
≈≈≈≈≈≈≈#.....#≈...^##.....
≈≈≈≈≈≈≈#t.m..#≈....##.....
≈≈≈≈≈≈m*m≈t≈m#≈...#*#.....
≈≈≈≈≈≈§#*≈mm##....###.....
≈≈≈≈≈≈≈≈##m##..≈≈.........
≈≈≈≈≈≈≈≈≈≈m§.≈≈≈≈≈≈...####
≈≈≈≈≈§≈§m@≈..≈≈.≈≈...##,,,
≈≈≈≈≈≈≈≈§≈...≈..≈....#,,,,
≈≈≈≈≈≈≈§≈≈...........#,,,,
≈≈≈≈≈≈§.≈≈...m.......#,,,,
≈≈≈≈≈≈≈..............#*,,,
≈≈≈≈≈≈≈≈............≈≈**+*
≈≈≈≈≈≈≈........#..≈≈≈≈,,,,
≈≈≈≈≈≈.....#.......≈≈≈≈,,,
≈≈≈≈≈≈≈≈≈,,,,,,,,,,,≈≈≈≈≈,


You could see a merfolk avatar, 2 merfolk javelineers and 5 merfolk aquamancers.

Vanquished Creatures
  Nikola (Spider:2)
  Rupert (Lair:5)
  Polyphemus (Shoals:2)
  Gastronok (Lair:3)
  Kirke (Lair:4)
  2 ghost moths
  An orc warlord (Orc:2)
  6 emperor scorpions
  3 entropy weavers
  A spark wasp (Spider:4)
  Azrael (D:15)
  A fire dragon (Lair:6)
  Josephine (D:10)
  4 merfolk impalers
  3 ogre magi
  15 hydras
  4 vault guards (D:14)
  2 catoblepae
  9 centaur warriors
  10 two-headed ogres
  A death knight (D:14)
  2 merfolk avatars
  Erica (Lair:1)
  2 merfolk aquamancers (Shoals:4)
  A satyr (Shoals:3)
  3 alligator snapping turtles
  2 death yaks (Shoals:2)
  4 tengu warriors
  2 orc high priests (Orc:2)
  A deep elf knight (D:13)
  A skeletal warrior (D:13)
  A fire crab (Lair:6)
  5 unseen horrors
  7 sea snakes
  2 wizards (D:14)
  3 orc knights
  7 harpies (Shoals:2)
  4 deep elf magi
  7 orb spiders
  4 orc sorcerers
  10 ugly things
  17 wolf spiders
  5 cyclopes
  11 fauns
  9 manticores
  4 centaur zombies
  2 moths of wrath (Spider:1)
  5 black mambas
  15 merfolk sirens
  20 elephants
  Joseph (Lair:1)
  A torpor snail (Spider:1)
  6 spiny frogs
  5 gargoyles
  6 centaur skeletons
  4 water nymphs
  2 molten gargoyles (Lair:6)
  A yaktaur (D:15)
  2 efreet
  6 demonic crawlers
  3 kobold demonologists
  16 komodo dragons
  A freezing wraith (D:14)
  24 merfolk
  2 trolls
  29 jumping spiders
  3 meliai (D:15)
  5 wind drakes
  A tyrant leech (shapeshifter) (D:13)
  A hippogriff (shapeshifter) (D:15)
  14 slime creatures
  18 blink frogs
  9 hornets
  8 snapping turtles
  A dream sheep (shapeshifter) (D:14)
  7 dream sheep
  27 hippogriffs
  12 spriggans (D:13)
  3 shadows
  16 tarantellas
  42 redbacks
  6 water elementals
  3 hogs (Lair:4)
  6 wyverns
  39 yaks
  6 wraiths
  The ghost of chadenator the Poker, an amateur CeGl of Okawaru (D:4)
  2 fire elementals (D:15)
  6 hungry ghosts
  A hog (shapeshifter) (D:15)
  6 basilisks
  3 steam dragons
  4 vampire mosquitoes
  3 wargs (Orc:2)
  8 water moccasins
  3 soldier ants
  4 porcupines
  A two-headed ogre zombie (D:10)
  7 hell hounds
  3 eyes of draining
  4 sky beasts
  25 orc warriors
  2 necrophages (D:10)
  4 ice beasts
  3 boggarts (D:13)
  12 ogres
  A phantom (D:5)
  13 centaurs
  17 crocodiles
  2 big kobolds
  25 bullfrogs
  4 scorpions
  2 troll zombies (D:10)
  17 wights
  8 killer bees
  2 howler monkeys
  11 electric eels
  5 lava snakes (Lair:6)
  4 crimson imps
  4 jellies
  6 bullfrog zombies
  5 hounds
  22 orc wizards
  20 orc priests
  A bullfrog skeleton (D:6)
  A gnoll shaman (D:4)
  5 iguanas
  11 worker ants
  5 ogre zombies (D:10)
  2 hound zombies
  A howler monkey zombie (D:5)
  14 adders
  10 gnolls
  4 howler monkey skeletons
  2 shadow imps
  4 adder zombies
  3 adder skeletons
  2 worms (D:2)
  2 dart slugs
  3 leopard geckos
  91 orcs
  5 giant cockroaches
  7 goblins
  6 hobgoblins
  4 jackals
  8 quokkas
  3 ball pythons
  2 bats (D:2)
  6 frilled lizards
  A giant cockroach zombie (D:6)
  2 goblin skeletons (D:10)
  5 goblin zombies (D:10)
  3 hobgoblin zombies (D:10)
  23 kobolds
  An orc skeleton (D:10)
  14 orc zombies (D:10)
  3 quokka skeletons
  4 rats
  6 fungi (Lair:6)
  10 plants
1106 creatures vanquished.

Vanquished Creatures (collateral kills)
  A ghost moth (Spider:4)
  The ghost of sanboga the Severer, an adept GrBe of Trog (Spider:2)
  An emperor scorpion (Spider:4)
  A harpy (Shoals:4)
  A wolf spider (D:13)
  A moth of wrath (Spider:4)
  A hornet (Spider:4)
7 creatures vanquished.

Vanquished Creatures (others)
  A vampire mosquito (D:15)
  An orc (D:10)
  A jackal (D:10)
  7 fungi
  18 plants
28 creatures vanquished.

Grand Total: 1141 creatures vanquished

Notes
Turn   | Place    | Note
-------+----------+-------------------------------------------
     0 | D:1      | Fang the Gargoyle Berserker began the quest for the Orb.
     0 | D:1      | Reached XP level 1. HP: 14/14 MP: 1/1
    45 | D:1      | Reached XP level 2. HP: 17/19 MP: 2/2
   495 | D:2      | Reached XP level 3. HP: 17/23 MP: 3/3
  1062 | D:2      | Reached ** piety under Trog
  1479 | D:3      | Reached XP level 4. HP: 26/29 MP: 4/4
  1858 | D:3      | Found a sparkling altar of Nemelex Xobeh.
  2125 | D:4      | Reached XP level 5. HP: 33/33 MP: 5/5
  2238 | D:4      | Reached XP level 6. HP: 30/39 MP: 6/6
  2355 | D:4      | Found a runed translucent door.
  2358 | D:4      | Noticed chadenator's ghost (amateur CeGl)
  2737 | D:4      | Killed chadenator's ghost
  2737 | D:4      | Reached skill level 5 in Fighting
  2737 | D:4      | Reached XP level 7. HP: 44/44 MP: 7/7
  2772 | D:5      | Entered Level 5 of the Dungeon
  2803 | D:5      | Found Odetunug's Distillery.
  2856 | D:5      | Found an opulent altar of Gozag.
  2942 | D:5      | Reached *** piety under Trog
  3204 | D:5      | Found a staircase to the Ecumenical Temple.
  3218 | D:5      | Reached skill level 5 in Armour
  3223 | Temple   | Entered the Ecumenical Temple
  3334 | D:5      | Found a glowing silver altar of Zin.
  3347 | D:5      | Found a basalt altar of Yredelemnul.
  3387 | D:5      | Reached XP level 8. HP: 47/51 MP: 8/8
  3391 | D:5      | Found an iron altar of Okawaru.
  3417 | D:5      | Found a shadowy altar of Dithmenos.
  3711 | D:6      | Reached skill level 5 in Axes
  3849 | D:6      | Reached **** piety under Trog
  3931 | D:6      | Found a shattered altar of Ashenzari.
  4007 | D:6      | Reached XP level 9. HP: 36/56 MP: 9/9
  4437 | D:6      | Reached skill level 5 in Dodging
  4622 | D:7      | Found a basalt altar of Yredelemnul.
  4936 | D:7      | Reached ***** piety under Trog
  4941 | D:7      | HP: 2/59 [orc priest/divine providence (14)]
  5288 | D:7      | Identified the +11 falchion "Oziasch" {venom, Str+4 Dex+4}
  5473 | D:7      | Reached XP level 10. HP: 56/65 MP: 10/10
  5880 | D:8      | Killed an unseen horror
  6296 | D:8      | Found an ornate altar of the Wu Jian Council.
  6299 | D:8      | Found a white marble altar of Elyvilon.
  6308 | D:8      | Found a stormy altar of Qazlal.
  6329 | D:8      | Found a hazy altar of Hepliaklqana.
  6329 | D:8      | Noticed a two-headed ogre
  6338 | D:8      | Killed a two-headed ogre
  6508 | D:8      | Found a sacrificial altar of Ru.
  6534 | D:8      | Noticed a two-headed ogre
  6552 | D:8      | Killed a two-headed ogre
  6552 | D:8      | Reached XP level 11. HP: 30/71 MP: 11/11
  7087 | D:9      | You fall through a shaft for 3 floors!
  7136 | D:12     | Noticed a deep elf mage
  7150 | D:12     | Killed a deep elf mage
  7161 | D:12     | Received a gift from Trog
  7367 | D:12     | Reached skill level 10 in Fighting
  8210 | D:11     | Reached skill level 10 in Armour
  8297 | D:11     | Noticed a tengu warrior
  8298 | D:11     | Noticed a tengu warrior
  8312 | D:11     | Killed a tengu warrior
  8317 | D:11     | Killed a tengu warrior
  8467 | D:11     | Identified a scroll of acquirement
  8801 | D:11     | Killed an unseen horror
  8957 | D:10     | Entered Level 10 of the Dungeon
  8957 | D:10     | Found a staircase to the Orcish Mines.
  8965 | D:10     | Paralysed by fainting for 11 turns
  8995 | D:10     | Reached XP level 12. HP: 79/79 MP: 12/12
  9014 | D:10     | Reached ****** piety under Trog
  9074 | D:10     | Received a gift from Trog
  9609 | D:10     | Paralysed by fainting for 7 turns
  9643 | D:10     | Noticed Josephine
  9654 | D:10     | Killed Josephine
  9718 | D:10     | Noticed a centaur warrior
  9726 | D:10     | Killed a centaur warrior
  9994 | D:10     | Found a staircase to the Lair.
 10381 | Lair:1   | Entered Level 1 of the Lair of Beasts
 10485 | Lair:1   | Noticed Joseph
 10493 | Lair:1   | Killed Joseph
 10497 | Lair:1   | Reached skill level 10 in Axes
 10504 | Lair:1   | Received a gift from Trog
 10591 | Lair:1   | Noticed Erica
 10601 | Lair:1   | Killed Erica
 11081 | Lair:1   | Reached XP level 13. HP: 80/86 MP: 13/13
 11765 | Lair:2   | Found a hole to the Spider Nest.
 13056 | Lair:3   | Noticed Gastronok
 13068 | Lair:3   | Killed Gastronok
 13318 | Lair:4   | Got a scintillating platinum ring
 13483 | Lair:4   | Identified the ring of the Firefly {Fire rPois} (You found
                  | it on level 4 of the Lair of Beasts)
 13524 | Lair:4   | Received a gift from Trog
 13527 | Lair:4   | Got a slimy executioner's axe {god gift}
 13528 | Lair:4   | Identified the +12 executioner's axe "Kogiets" {speed,
                  | rPois rC+} (Trog gifted it to you on level 4 of the Lair of
                  | Beasts)
 13641 | Lair:4   | Noticed Kirke
 13654 | Lair:4   | Killed Kirke
 13654 | Lair:4   | Reached skill level 10 in Dodging
 13723 | Lair:4   | Found a staircase to the Shoals.
 14160 | Lair:5   | Noticed Rupert
 14181 | Lair:5   | Killed Rupert
 14181 | Lair:5   | Gained mutation: Your large and strong wings let you fly
                  | indefinitely. [Gargoyle growth]
 14181 | Lair:5   | Reached XP level 14. HP: 55/94 MP: 14/14
 14832 | Lair:5   | Received a gift from Trog
 14882 | Lair:6   | Entered Level 6 of the Lair of Beasts
 15226 | Lair:6   | Found a runed translucent door.
 15226 | Lair:6   | Found a viscous altar of Jiyva.
 15228 | Lair:6   | Noticed an azure jelly
 15230 | Lair:6   | Found a staircase to the Slime Pits.
 15230 | Lair:6   | Noticed an azure jelly
 15344 | Lair:6   | Received a gift from Trog
 15929 | Lair:6   | Found a large runed translucent door.
 15929 | Lair:6   | Found a large runed translucent door.
 15937 | Lair:6   | Reached XP level 15. HP: 85/100 MP: 15/15
 16900 | D:13     | Received a gift from Trog
 17036 | D:13     | Got a bloodstained scale mail
 17037 | D:13     | Identified the +2 scale mail of Omission {rElec rPois Str+5
                  | Int-5} (You found it on level 13 of the Dungeon)
 17866 | D:14     | Reached skill level 15 in Fighting
 18091 | D:14     | Reached skill level 15 in Armour
 18211 | D:14     | Received a gift from Trog
 18222 | D:14     | Reached XP level 16. HP: 68/108 MP: 16/16
 18579 | D:14     | Found a gate to the Vaults.
 18624 | D:15     | Entered Level 15 of the Dungeon
 18639 | D:15     | Noticed Azrael
 18761 | D:15     | Killed Azrael
 18819 | D:15     | Found a staircase to the Depths.
 18926 | D:15     | Received a gift from Trog
 19218 | D:15     | Received a gift from Trog
 19572 | Orc:1    | Entered Level 1 of the Orcish Mines
 19641 | Orc:2    | Entered Level 2 of the Orcish Mines
 19816 | Orc:2    | Found a roughly hewn altar of Beogh.
 19818 | Orc:2    | Found Ruojy's Assorted Antiques.
 20136 | Orc:2    | Found a staircase to the Elven Halls.
 20208 | Orc:2    | Received a gift from Trog
 20329 | Orc:2    | Found Liokk's Antique Weapon Emporium.
 20342 | Orc:2    | Found Qiptefo's Antique Armour Shoppe.
 20357 | Orc:2    | Found a roughly hewn altar of Beogh.
 20430 | Orc:2    | Found a roughly hewn altar of Beogh.
 20431 | Orc:2    | Found Eneytonn's Assorted Antiques.
 20537 | Orc:2    | Bought a pitted hat for 252 gold pieces
 20547 | Orc:2    | Identified the cursed +0 hat of the Past {rF+ rN+ Stlth+}
                  | (You bought it in a shop on level 2 of the Orcish Mines)
 20683 | Spider:1 | Entered Level 1 of the Spider Nest
 20885 | Spider:1 | Received a gift from Trog
 21165 | Spider:1 | Reached XP level 17. HP: 110/115 MP: 17/17
 21800 | Spider:2 | Noticed Nikola
 21815 | Spider:2 | Killed Nikola
 22006 | Spider:2 | Found a runed translucent door.
 22012 | Spider:2 | Noticed sanboga's ghost (adept GrBe)
 22059 | Spider:2 | Killed sanboga's ghost
 23752 | Spider:4 | Entered Level 4 of the Spider Nest
 24336 | Spider:4 | Received a gift from Trog
 24856 | Spider:4 | Got a gossamer rune of Zot
 25597 | Shoals:1 | Entered Level 1 of the Shoals
 25615 | Shoals:1 | Noticed Prakerore's ghost (adept TeAs)
 25615 | Shoals:1 | Found a runed translucent door.
 25615 | Shoals:1 | Found a shimmering altar of Xom.
 25625 | Shoals:1 | Received a gift from Trog
 25635 | Shoals:1 | Reached XP level 18. HP: 48/123 MP: 18/18
 26880 | Shoals:2 | Received a gift from Trog
 27548 | Shoals:2 | Found Aplus's Magic Scroll Shoppe.
 27636 | Shoals:2 | Noticed Polyphemus
 27655 | Shoals:2 | Killed Polyphemus
 27655 | Shoals:2 | Reached skill level 15 in Axes
 27900 | Shoals:2 | Got a clouded wooden ring
 28173 | Shoals:3 | Received a gift from Trog
 28250 | Shoals:3 | Identified the ring of Joufum {rF- Int+5 Slay+5 Stlth-}
                  | (You found it on level 2 of the Shoals)
 28453 | Shoals:3 | Received a gift from Trog
 29032 | Shoals:4 | Entered Level 4 of the Shoals
 29340 | Shoals:4 | Killed from afar by a merfolk aquamancer

Skill      XL: |  1  2  3  4  5  6  7  8  9 10 11 12 13 14 15 16 17 18 |
---------------+-------------------------------------------------------+-----
Axes           | 3 4 5 6 8 9 10 11 12 13 14 15 | 15.2
Dodging        | 2 3 4 6 7 8 9 10 11 12 13 14 | 14.0
Armour         | 3 4 5 6 8 9 10 11 13 14 15 16 17 | 17.6
Fighting       | 4 5 6 8 9 10 12 13 14 15 16 17 | 17.7

Action                   |  1- 3 |  4- 6 |  7- 9 | 10-12 | 13-15 | 16-18 || total
-------------------------+-------+-------+-------+-------+-------+-------++-------
Melee: Hand axe          |   111 |   123 |   498 |   356 |       |       ||  1088
       Battleaxe         |       |       |       |   188 |   125 |       ||   313
       War axe           |       |       |       |    37 |       |       ||    37
       Executioner's axe |       |       |       |   160 |   623 |  1160 ||  1943
Invok: Berserk           |     1 |     3 |     2 |     8 |    11 |     7 ||    32
       Trog's Hand       |       |       |     1 |       |       |     1 ||     2
       Brothers in Arms  |       |       |       |       |     1 |     3 ||     4
 Abil: Fly               |       |       |       |       |     1 |       ||     1
Evoke: Wand              |       |       |       |       |     1 |       ||     1
  Use: Potion            |       |       |     1 |     2 |       |     4 ||     7
       Scroll            |       |       |       |    25 |    12 |    10 ||    47
 Stab: Distracted        |       |       |       |     1 |       |     2 ||     3
       Petrified         |       |       |       |       |       |     6 ||     6
       Petrifying        |       |       |       |       |       |     3 ||     3
  Eat: Chunk             |     3 |     6 |     9 |    25 |    23 |    38 ||   104
       Ration            |       |       |     2 |     5 |     3 |     2 ||    12
Armor: Animal skin       |    48 |       |       |       |       |       ||    48
       Chain mail        |       |    95 |   357 |   114 |       |       ||   566
       Plate armour      |       |       |       |   799 |   891 |  1213 ||  2903
Dodge: Dodged            |    91 |    52 |   281 |   540 |   546 |   822 ||  2332
